 Dungeon Crawl Stone Soup version 0.22.1-5-g62c59d9 (webtiles) character file.

206 nicolaieve the Cudgeler (level 5, -6/67 HPs)
             Began as a Minotaur Berserker on Jan 15, 2019.
             Was a Believer of Trog.
             Mangled by an orc warrior
             ... wielding a +0 long sword
              (18 damage)
             ... on level 3 of the Dungeon.
             The game lasted 00:05:53 (2379 turns).

nicolaieve the Cudgeler (Minotaur Berserker)        Turns: 2379, Time: 00:05:54

Health: -6/67      AC:  9    Str: 26    XL:     5   Next: 53%
Magic:  4/4        EV: 11    Int:  4    God:    Trog [**....]
Gold:   189        SH:  0    Dex: 11    Spells: 4/4 levels left

rFire    . . .     SeeInvis +   a - +0 mace
rCold    . . .     Gourm    .   (no shield)
rNeg     . . .     Faith    .   m - +0 scale mail
rPois    .         Spirit   .   (helmet restricted)
rElec    .         Reflect  .   w - +0 cloak
rCorr    .         Harm     .   r - +1 pair of gloves
MR       ++...                  (no boots)
Stlth    ..........             (no amulet)
HPRegen  1.21/turn              e - ring of see invisible
MPRegen  0.09/turn              (no ring)

@: berserking, regenerating, very quick
A: retaliatory headbutt, horns 2
a: Berserk, Trog's Hand, Renounce Religion


You were on level 3 of the Dungeon.
You worshipped Trog.
Trog was pleased with you.
You were hungry.

You visited 1 branch of the dungeon, and saw 3 of its levels.

You collected 189 gold pieces.

Inventory:

Hand Weapons
 a - a +0 mace (weapon)
Missiles
 h - 143 stones (quivered)
Armour
 m - a +0 scale mail (worn)
 r - a +1 pair of gloves (worn)
 w - a +0 cloak (worn)
Jewellery
 e - a ring of see invisible (left hand)
Wands
 g - a wand of paralysis (15)
Scrolls
 b - a scroll of enchant armour {unknown}
 d - 5 scrolls of remove curse {unknown}
 f - 4 scrolls of amnesia {unknown}
 i - 3 scrolls of identify {unknown}
 j - 2 scrolls of fog {unknown}
 k - 5 scrolls of teleportation {unknown}
 p - a scroll of enchant weapon {unknown}
 t - a scroll of magic mapping {unknown}
 u - a scroll of immolation {unknown}
Potions
 l - 2 potions of heal wounds {unknown}
 n - a potion of lignification {unknown}
 o - a potion of agility {unknown}
 q - 3 potions of curing {unknown}
 s - a potion of haste {unknown}
 x - a potion of flight {unknown}
Comestibles
 c - 3 rations
 v - 6 chunks of flesh


   Skills:
 - Level 3.6 Fighting
 + Level 7.6 Maces & Flails
 - Level 2.4 Armour
 - Level 2.1 Dodging


You had 4 spell levels left.
You didn't know any spells.
Your spell library was empty.

Dungeon Overview and Level Annotations

Branches:
Dungeon (3/15)

Altars:
Ashenzari
Zin


Innate Abilities, Weirdness & Mutations

You reflexively headbutt those who attack you in melee.
You have a pair of horns on your head.


Message History

You are too injured to fight recklessly!
You are too injured to fight recklessly!
You are too injured to fight recklessly!
You are too injured to fight recklessly!
You see here a tomahawk.
Your skin crawls.
You feel resistant to hostile enchantments.
You feel somewhat more hungry. The orc warrior closely misses you.
You closely miss the orc warrior.
The orc warrior is lightly wounded.
You closely miss the orc warrior.
The orc warrior is lightly wounded.
The orc warrior hits you with a long sword!
* * * LOW HITPOINT WARNING * * *
The orc priest casts a cantrip, but nothing happens.
A red film seems to cover your vision as you go berserk!
You feel yourself moving faster!
You feel mighty!
You are feeling hungry.
The orc warrior hits you with a long sword!!
You die...

#.....))....#
##.##########
#........#
########.# ## #.#
.. #.# .. . #.#
.#...
#.#########o.....
#....((.@ooow....
#################


You could see an orc warrior, a worm, an orc priest and 2 orcs.

Vanquished Creatures
  Crazy Yiuf (D:2)
  4 gnolls (D:3)
  4 adders
  3 oozes
  6 worms
  A leopard gecko (D:2)
  9 orcs
  A ball python (D:3)
  6 bats
  7 giant cockroaches
  5 goblins
  A hobgoblin (D:2)
  4 jackals (D:3)
  4 frilled lizards
  A kobold (D:1)
  12 rats
  2 fungi (D:2)
71 creatures vanquished.

Notes
Turn   | Place    | Note
-------+----------+-------------------------------------------
     0 | D:1      | nicolaieve the Minotaur Berserker began the quest for the
                  | Orb.
     0 | D:1      | Reached XP level 1. HP: 19/19 MP: 0/0
     6 | D:1      | Reached skill level 4 in Maces & Flails
   112 | D:1      | Reached XP level 2. HP: 25/26 MP: 1/1
   554 | D:1      | Found a shattered altar of Ashenzari.
  1034 | D:2      | Reached skill level 5 in Maces & Flails
  1034 | D:2      | Reached XP level 3. HP: 28/31 MP: 2/2
  1161 | D:2      | Found a glowing silver altar of Zin.
  1189 | D:2      | Reached ** piety under Trog
  1448 | D:2      | Reached skill level 6 in Maces & Flails
  1448 | D:2      | Reached XP level 4. HP: 35/39 MP: 3/3
  1838 | D:2      | Found a runed door.
  1842 | D:2      | Noticed Crazy Yiuf
  1849 | D:2      | Killed Crazy Yiuf
  2065 | D:3      | Reached XP level 5. HP: 36/45 MP: 4/4
  2094 | D:3      | Reached skill level 7 in Maces & Flails
  2365 | D:3      | Noticed an orc warrior
  2379 | D:3      | Mangled by an orc warrior

Skill      XL: |  1  2  3  4  5 |
---------------+----------------+-----
Maces & Flails | 4 5 6 7 |  7.6
Fighting       | |  3.6
Armour         | |  2.4
Dodging        | |  2.1

Action                   |  1- 3 |  4- 6 || total
-------------------------+-------+-------++-------
Melee: Mace              |    84 |   108 ||   192
       Headbutt          |     9 |    19 ||    28
Invok: Berserk           |       |     1 ||     1
       Trog's Hand       |       |     1 ||     1
 Stab: Sleeping          |     1 |       ||     1
  Eat: Chunk             |     2 |     3 ||     5
Armor: Animal skin       |     6 |       ||     6
       Scale mail        |    12 |    34 ||    46
Dodge: Dodged            |    57 |    50 ||   107
